 Dungeon Crawl Stone Soup version 0.30.1-11-g7821555f0a (webtiles) character file.

Game seed: 9168055867361638480

92 Okkudo the Chopper (level 4, 0/41 HPs)
             Began as a Hill Orc Monk on Nov 29, 2023.
             Slain by a gnoll
             ... wielding a +0 club
              (6 damage)
             ... on level 3 of the Dungeon.
             The game lasted 00:07:07 (1819 turns).

Okkudo the Chopper (Hill Orc Monk)                  Turns: 1819, Time: 00:07:07

Health: 0/41       AC: 10    Str: 15    XL:     4   Next: 60%
Magic:  4/4        EV:  7    Int: 16    God:
Gold:   104        SH:  0    Dex: 13    Spells: 3/3 levels left

rFire   . . .        a - +0 hand axe
rCold   . . .        d - orb {light}
rNeg    . . .        e - +0 chain mail
rPois   .            m - +0 helmet
rElec   .            (no cloak)
rCorr   .            (no gloves)
SInv    .            r - +0 pair of boots
Will    .....        (no amulet) Stlth
                     j - +6 ring of intelligence
HPRegen 0.26/turn    (no ring)
MPRegen 0.09/turn

%: no passive effects
@: glowing
A: no striking features
a: no special abilities


You were on level 3 of the Dungeon.
You visited 1 branch of the dungeon, and saw 3 of its levels.

You collected 104 gold pieces.

Inventory:

Hand Weapons
 a - a +0 hand axe (weapon)
Missiles
 b - 3 javelins
 n - 11 poisoned darts (quivered)
Armour
 d - an orb of light (worn)
 e - a +0 chain mail (worn)
 m - a +0 helmet (worn)
 r - a +0 pair of boots (worn)
Jewellery
 g - an amulet of magic regeneration
 j - a +6 ring of intelligence (left hand)
Scrolls
 l - a scroll of fog {unknown}
 o - 2 scrolls of teleportation {unknown}
 q - a scroll of acquirement {unknown}
 s - a scroll of torment {unknown}
 t - a scroll of poison {unknown}
 u - a scroll of noise {unknown}
Potions
 c - a potion of ambrosia
 f - 2 potions of curing {unknown}
 h - a potion of cancellation {unknown}
 i - a potion of magic {unknown}
 k - a potion of mutation {unknown}
 p - a potion of heal wounds {unknown}
 v - a potion of might {unknown}


   Skills:
 + Level 4.6 Fighting
 + Level 5.1 Axes
 + Level 3.2 Dodging


You had 3 spell levels left.
You didn't know any spells.
Your spell library contained the following spells:

 Spells                   Type           Power      Damage    Failure   Level
 Kiss of Death            Conj/Necr      0%         2d5       99%         1
 Summon Small Mammal      Summ           0%         N/A       99%         1
 Call Canine Familiar     Summ           0%         N/A       100%        3
 Confusing Touch          Hex            0%         N/A       100%        3
 Frozen Ramparts          Ice            0%         1d1       100%        3
 Inner Flame              Hex/Fire       0%         N/A       100%        3
 Summon Guardian Golem    Hex/Summ       0%         N/A       100%        3
 Dispel Undead            Necr           0%         3d6       100%        4
 Flame Wave               Conj/Fire      0%         2d4       100%        4
 Ice Form                 Ice/Tmut       0%         N/A       100%        4
 Sticky Flame             Conj/Fire      0%         2d3       100%        4
 Summon Ice Beast         Ice/Summ       0%         N/A       100%        4


Dungeon Overview and Level Annotations

Branches:
Dungeon (3/15)

Altars:
Okawaru

Shops:
D:2 (   D:3 (


Message History

You kill the jackal!
You see here a jackal corpse.
You slash the frilled lizard!
You kill the frilled lizard!
You see here a frilled lizard corpse.
A gnoll comes into view. It is wielding a +0 club.
The gnoll shouts!
You hear a shout!
The gnoll throws a throwing net.
The throwing net hits you.
You become entangled in the net!
You hear a shout!
You see here a throwing net.
You tear a large gash into the net.
You hear a shout!
You struggle against the net.
You shred the net and break free! The gnoll hits you with a +0 club.
You hit the gnoll.
The gnoll is lightly wounded.
The gnoll hits you with a +0 club.
A gnoll comes into view. It is wielding a +0 flail.
You hit the gnoll but do no damage.
The gnoll is lightly wounded.
You hit the gnoll but do no damage. The gnoll hits you with a +0 club.
The gnoll hits you with a +0 flail.
You hit the gnoll.
The gnoll is moderately wounded.
You hit the gnoll. The gnoll hits you with a +0 club.
The gnoll completely misses you.
You hit the gnoll but do no damage.
The gnoll is moderately wounded.
You hit the gnoll. The gnoll hits you with a +0 club.
The gnoll hits you with a +0 flail.
You hit the gnoll.
The gnoll is heavily wounded.
You hit the gnoll. The gnoll hits you with a +0 club.
* * * LOW HITPOINT WARNING * * *
The gnoll hits you with a +0 flail.
* * * LOW HITPOINT WARNING * * *
The gnoll attacks as you move away! The gnoll hits you with a +0 club.
You die...

........####......†......
..........#...###†#.#####
..........#...# #.# #
###.......#...# #†#
#.......#...# #.#
#.......##+## #.#
#.......# #.#
##########.####.#.#
......g@...# ###.####g###
.... . ##### .. ... .


You could see 2 gnolls.

Vanquished Creatures
  3 adders
  A worm (D:2)
  2 dart slugs (D:2)
  3 orcs (D:3)
  An endoplasm (D:2)
  A giant cockroach (D:3)
  5 hobgoblins
  9 jackals
  3 quokkas
  3 ball pythons (D:1)
  4 bats
  5 frilled lizards
  4 goblins
  6 kobolds
  3 rats
53 creatures vanquished.

Notes
Turn   | Place    | Note
-------+----------+-------------------------------------------
     0 | D:1      | Okkudo the Hill Orc Monk began the quest for the Orb.
     0 | D:1      | Reached XP level 1. HP: 19/19 MP: 1/1
   232 | D:1      | Reached XP level 2. HP: 22/27 MP: 2/2
   989 | D:2      | Reached XP level 3. HP: 33/33 MP: 3/3
  1183 | D:2      | Found Ruoghe's Weapon Shoppe.
  1191 | D:2      | Found a faded altar of an unknown god.
  1415 | D:2      | Reached XP level 4. HP: 40/41 MP: 4/4
  1572 | D:3      | Found an iron altar of Okawaru.
  1597 | D:3      | Reached skill level 5 in Axes
  1657 | D:3      | Found Maerhott's Weapon Shoppe.
  1819 | D:3      | Slain by a gnoll

Illustrated notes

Levels and vault maps discovered:
D:1:      lightli_iron_boxes, layout_basic, chequers_serial_rivers_large_a
D:2:      layout_basic, serial_shops, shop, basic_ecumenical_altar,
          minmay_pentomino_u2
D:3:      layout_basic, lemuel_crystal_altar, serial_shops,
          nicolae_shop_bloodbath_and_beyond

Skill      XL: |  1  2  3  4 |
---------------+-------------+-----
Fighting       | 4 |  4.6
Dodging        | 3 |  3.2
Axes           | 5 |  5.1

Action                     |  1- 3 |  4- 6 || total
---------------------------+-------+-------++-------
  Melee: Hand axe          |    92 |    56 ||   148
  Throw: Javelin           |     1 |       ||     1
 Armour: Chain mail        |    51 |    31 ||    82
         Robe              |     1 |       ||     1
  Dodge: Dodged            |    27 |    18 ||    45
